BR (22 & UNDER)
PUEBLO PRAIRIE DOGS @ CLEARWATER CRAB PEOPLE
07/11/2028
 
TOP OF THE 1ST
Pueblo Prairie Dogs batting - Pitching for Clearwater Crab People : LHP Alfonso Viera
Pitching: LHP Alfonso Viera
Batting: RHB Steve Murphy 0-0: Ball
1-0: Foul Ball, location: 2F
1-1: Ball
2-1: Ball
3-1: Fly out, F8 (Flyball, 8RM)
Batting: RHB John Newman 0-0: Called Strike
0-1: SINGLE (Groundball, 56D)
Batting: RHB Bob Fitzgerald 0-0: Grounds into double play, 4-6-3 (Groundball, 34)
Top of the 1st over - 0 run(s), 1 hit(s), 0 error(s), 0 left on base; Pueblo 0 - Clearwater 0
BOTTOM OF THE 1ST
Clearwater Crab People batting - Pitching for Pueblo Prairie Dogs : LHP Keith Burns
Pitching: LHP Keith Burns
Batting: RHB José Rodríguez 0-0: Ball
1-0: Called Strike
1-1: Swinging Strike
1-2: Ball
2-2: Strikes out swinging
Batting: LHB Greg MacCanish 0-0: Ball
1-0: Ball
2-0: Called Strike
2-1: Ball
3-1: Ground out 4-3 (Groundball, 34)
Batting: RHB Roberto Valdéz 0-0: Fly out, F7 (Flyball, 7)
Bottom of the 1st over - 0 run(s), 0 hit(s), 0 error(s), 0 left on base; Pueblo 0 - Clearwater 0
TOP OF THE 2ND
Pueblo Prairie Dogs batting - Pitching for Clearwater Crab People : LHP Alfonso Viera
Batting: RHB José Zumaya 0-0: Called Strike
0-1: SINGLE (Flyball, 8RS)
Batting: RHB Clancy Castro 0-0: 2-RUN HOME RUN (Flyball, 78XD), Distance : 433 ft
Batting: SHB Pancho Morán 0-0: Ball
1-0: Ball
2-0: SINGLE (Groundball, 4MD)
Batting: RHB David Adams 0-0: Ball
1-0: Ball
2-0: Foul Ball, location: 2F
2-1: Ball
3-1: Fly out, F8 (Flyball, 89M)
Batting: RHB Jared Williamson 0-0: SINGLE (Flyball, 89S)
Pancho Morán to second
Batting: RHB Ánibal Barrios 0-0: Called Strike
0-1: Foul Ball, location: 2F
0-2: Ball
1-2: Fly out, F7 (Line Drive, 7)
Batting: RHB Steve Murphy 0-0: SINGLE (Line Drive, 8LS)
Pancho Morán to third
Jared Williamson to second
Runner from 3rd tries for Home, SAFE, throw made at trailing runner, SAFE at third!
Batting: RHB John Newman 0-0: Ball
1-0: Fielders Choice at 2nd, 5-4 (Groundball, 5L)
Top of the 2nd over - 3 run(s), 5 hit(s), 0 error(s), 1 left on base; Pueblo 3 - Clearwater 0
BOTTOM OF THE 2ND
Clearwater Crab People batting - Pitching for Pueblo Prairie Dogs : LHP Keith Burns
Batting: LHB Pedro Escobar 0-0: Ball
1-0: Ball
2-0: Ball
3-0: Called Strike
3-1: SINGLE (Flyball, 6MD)
Batting: LHB Horace Kramer 0-0: Called Strike
0-1: Foul Ball, location: 2F
0-2: Ball
1-2: Ball
2-2: Foul Ball, location: 2F
2-2: Foul Ball, location: 2F
2-2: Ball
3-2: SINGLE (Line Drive, 89S)
Pedro Escobar to second
Batting: RHB Palmer Frazier 0-0: Ball
1-0: Ball
2-0: Ball
Wild Pitch!
Pedro Escobar to third
Horace Kramer to second
3-0: Base on Balls
Batting: LHB Ryan Martin 0-0: Ball
1-0: Foul Ball, location: 2F
1-1: Swinging Strike
1-2: SINGLE (Groundball, 4D)
Pedro Escobar scores
Horace Kramer to third
Palmer Frazier to second
Runner from 3rd tries for Home, SAFE, no throw
Batting: RHB Brandon Davis 0-0: Ball
1-0: Foul Ball, location: 2F
1-1: Foul Ball, location: 2F
1-2: Strikes out swinging
Batting: RHB Bobby Burks 0-0: Fielders Choice at 2nd, 6-4 (Groundball, 6)
Palmer Frazier to third
Batting: RHB José Rodríguez 0-0: Fly out, F9 (Flyball, 9S)
Bottom of the 2nd over - 2 run(s), 3 hit(s), 0 error(s), 2 left on base; Pueblo 3 - Clearwater 2
TOP OF THE 3RD
Pueblo Prairie Dogs batting - Pitching for Clearwater Crab People : LHP Alfonso Viera
Batting: RHB Bob Fitzgerald 0-0: Ball
1-0: Called Strike
1-1: Fly out, F9 (Flyball, 9)
Batting: RHB José Zumaya 0-0: Ball
1-0: Ball
2-0: Ball
3-0: Base on Balls
Batting: RHB Clancy Castro 0-0: SINGLE (Groundball, 6MD)
José Zumaya to second
Batting: SHB Pancho Morán 0-0: Ball
1-0: Grounds into double play, 6-4-3 (Groundball, 6)
Top of the 3rd over - 0 run(s), 1 hit(s), 0 error(s), 1 left on base; Pueblo 3 - Clearwater 2
BOTTOM OF THE 3RD
Clearwater Crab People batting - Pitching for Pueblo Prairie Dogs : LHP Keith Burns
Batting: LHB Greg MacCanish 0-0: Ball
1-0: Ball
2-0: Called Strike
2-1: Foul Ball, location: 2F
2-2: Ball
3-2: Fly out, F9 (Flyball, 9)
Batting: RHB Roberto Valdéz 0-0: Called Strike
0-1: Ball
1-1: Foul Ball, location: 2F
1-2: Fly out, F7 (Flyball, 7LMF)
Batting: LHB Pedro Escobar 0-0: Ball
1-0: Ball
2-0: Foul Ball, location: 2F
2-1: Foul Ball, location: 2F
2-2: Ball
3-2: Foul Ball, location: 2F
3-2: Foul Ball, location: 2F
3-2: Base on Balls
Batting: LHB Horace Kramer Balk!
Pedro Escobar to second
0-0: Ball
1-0: Called Strike
1-1: Ball
2-1: DOUBLE (Flyball, 8LD)
Pedro Escobar scores
Batting: RHB Palmer Frazier 0-0: Ball
1-0: Fly out, F9 (Flyball, 9S)
Bottom of the 3rd over - 1 run(s), 1 hit(s), 0 error(s), 1 left on base; Pueblo 3 - Clearwater 3
TOP OF THE 4TH
Pueblo Prairie Dogs batting - Pitching for Clearwater Crab People : LHP Alfonso Viera
Batting: RHB David Adams 0-0: Foul Ball, location: 2F
0-1: Foul Ball, location: 2F
0-2: Fly out, F8 (Flyball, 78M)
Batting: RHB Jared Williamson 0-0: Ball
1-0: Called Strike
1-1: Foul Ball, location: 2F
1-2: Foul Ball, location: 2F
1-2: Strikes out looking
Batting: RHB Ánibal Barrios 0-0: Swinging Strike
0-1: Ball
1-1: Ball
2-1: SINGLE (Groundball, 34D)
Batting: RHB Steve Murphy 0-0: Ball
Ánibal Barrios is caught stealing 2nd base
Top of the 4th over - 0 run(s), 1 hit(s), 0 error(s), 0 left on base; Pueblo 3 - Clearwater 3
BOTTOM OF THE 4TH
Clearwater Crab People batting - Pitching for Pueblo Prairie Dogs : LHP Keith Burns
Batting: LHB Ryan Martin 0-0: Called Strike
0-1: Swinging Strike
0-2: Ball
1-2: Fly out, F8 (Flyball, 8LM)
Batting: RHB Brandon Davis 0-0: Fly out, F4 (Line Drive, 4)
Batting: RHB Bobby Burks 0-0: Reached on error, E5 (Groundball, 56)
Batting: RHB José Rodríguez 0-0: Ball
1-0: Ball
2-0: Foul Ball, location: 2F
2-1: Called Strike
2-2: Foul Ball, location: 2F
2-2: Foul Ball, location: 2F
2-2: Fielders Choice at 2nd, 4-6 (Groundball, 4)
Bottom of the 4th over - 0 run(s), 0 hit(s), 1 error(s), 0 left on base; Pueblo 3 - Clearwater 3
TOP OF THE 5TH
Pueblo Prairie Dogs batting - Pitching for Clearwater Crab People : LHP Alfonso Viera
Batting: RHB Steve Murphy 0-0: Reached on error, E5 (Groundball, 56)
Batting: RHB John Newman 0-0: Called Strike
0-1: Fielders Choice at 2nd, 1-6 (Groundball, 13S)
Batting: RHB Bob Fitzgerald 0-0: Grounds into double play, 6-4-3 (Groundball, 56)
Top of the 5th over - 0 run(s), 0 hit(s), 1 error(s), 0 left on base; Pueblo 3 - Clearwater 3
BOTTOM OF THE 5TH
Clearwater Crab People batting - Pitching for Pueblo Prairie Dogs : LHP Keith Burns
Batting: LHB Greg MacCanish 0-0: Ball
1-0: Swinging Strike
1-1: Foul Ball, location: 2F
1-2: Strikes out swinging
Batting: RHB Roberto Valdéz 0-0: Foul Ball, location: 2F
0-1: Ball
1-1: Swinging Strike
1-2: Foul Ball, location: 2F
1-2: Hit by Pitch
Pitching: LHP John Avery
Batting: LHB Pedro Escobar 0-0: Called Strike
0-1: Called Strike
0-2: Foul Ball, location: 2F
0-2: Ball
1-2: Ball
2-2: Foul Ball, location: 2F
2-2: Ball
3-2: Foul Ball, location: 2F
3-2: Foul Ball, location: 2F
3-2: Base on Balls
Roberto Valdéz to second
Batting: LHB Horace Kramer 0-0: Called Strike
0-1: Foul Ball, location: 2F
0-2: Ball
1-2: Foul Ball, location: 2F
1-2: Fly out, F7 (Flyball, 7LM)
Batting: RHB Palmer Frazier 0-0: Called Strike
0-1: Ground out 6-3 (Groundball, 6S)
Bottom of the 5th over - 0 run(s), 0 hit(s), 0 error(s), 2 left on base; Pueblo 3 - Clearwater 3
TOP OF THE 6TH
Pueblo Prairie Dogs batting - Pitching for Clearwater Crab People : LHP Alfonso Viera
Batting: RHB José Zumaya 0-0: Ball
1-0: Ball
2-0: Called Strike
2-1: Foul Ball, location: 2F
2-2: Strikes out swinging
Batting: RHB Clancy Castro 0-0: Foul Ball, location: 2F
0-1: Swinging Strike
0-2: Ball
1-2: Foul Ball, location: 2F
1-2: Ball
2-2: Ball
3-2: Base on Balls
Batting: SHB Pancho Morán 0-0: Swinging Strike
0-1: Fly out, F4 (Popup, 4MD)
Batting: RHB David Adams 0-0: Ball
1-0: SINGLE (Line Drive, 56D)
Clancy Castro to second
Batting: RHB Jared Williamson 0-0: Ball
1-0: Ball
2-0: Called Strike
2-1: Called Strike
2-2: SINGLE (Groundball, 6MD)
Clancy Castro to third
David Adams to second
Runner from 3rd tries for Home, SAFE, no throw
Batting: RHB Ánibal Barrios 0-0: Ball
1-0: Fly out, F6 (Line Drive, 6)
Top of the 6th over - 1 run(s), 2 hit(s), 0 error(s), 2 left on base; Pueblo 4 - Clearwater 3
BOTTOM OF THE 6TH
Clearwater Crab People batting - Pitching for Pueblo Prairie Dogs : LHP John Avery
Batting: LHB Ryan Martin 0-0: Called Strike
0-1: SINGLE (Flyball, 8RS)
Batting: RHB Brandon Davis 0-0: Ball
1-0: Foul Ball, location: 2F
1-1: Grounds into double play, 3-6-3 (Groundball, 3)
Batting: RHB Bobby Burks 0-0: Ball
1-0: Called Strike
1-1: Ball
2-1: Called Strike
2-2: Ground out 5-3 (Groundball, 5)
Bottom of the 6th over - 0 run(s), 1 hit(s), 0 error(s), 0 left on base; Pueblo 4 - Clearwater 3
TOP OF THE 7TH
Pueblo Prairie Dogs batting - Pitching for Clearwater Crab People : LHP Alfonso Viera
Batting: RHB Steve Murphy 0-0: Ball
1-0: Ball
2-0: Ground out 1-3 (Groundball, 13)
Pitching: RHP Shawn Moore
Batting: RHB John Newman 0-0: Called Strike
0-1: Called Strike
0-2: Strikes out looking
Batting: RHB Bob Fitzgerald 0-0: Ball
1-0: Ball
2-0: Ball
3-0: Called Strike
3-1: Base on Balls
Batting: RHB José Zumaya 0-0: Swinging Strike
0-1: Called Strike
0-2: Hit by Pitch
Bob Fitzgerald to second
Pinch Runner at 2nd Jason King:
Pinch Hitting: RHB Manny Herrera 0-0: Called Strike
0-1: Ball
1-1: Called Strike
1-2: Ball
2-2: Ball
3-2: Strikes out swinging
Top of the 7th over - 0 run(s), 0 hit(s), 0 error(s), 2 left on base; Pueblo 4 - Clearwater 3
BOTTOM OF THE 7TH
Clearwater Crab People batting - Pitching for Pueblo Prairie Dogs : LHP John Avery
Now at 1B: Hunter Bond
Now in CF: Jason King
Batting: RHB José Rodríguez 0-0: Ball
1-0: Ground out 6-3 (Groundball, 6)
Batting: LHB Greg MacCanish 0-0: Hit by Pitch
Batting: RHB Roberto Valdéz 0-0: Foul Ball, location: 2F
0-1: Called Strike
0-2: 2-RUN HOME RUN (Line Drive, 78XD), Distance : 436 ft
Pitching: LHP Shannon Thomas
Batting: LHB Pedro Escobar 0-0: Ball
1-0: Foul Ball, location: 2F
1-1: SOLO HOME RUN (Flyball, 9D), Distance : 380 ft
Batting: LHB Horace Kramer 0-0: Called Strike
0-1: Ball
1-1: Ball
2-1: Foul Ball, location: 2F
2-2: Ball
3-2: Fly out, F9 (Flyball, 9S)
Batting: RHB Palmer Frazier 0-0: Called Strike
0-1: Called Strike
0-2: Ball
1-2: Ball
2-2: Ground out 4-3 (Groundball, 4)
Bottom of the 7th over - 3 run(s), 2 hit(s), 0 error(s), 0 left on base; Pueblo 4 - Clearwater 6
TOP OF THE 8TH
Pueblo Prairie Dogs batting - Pitching for Clearwater Crab People : RHP Shawn Moore
Batting: SHB Pancho Morán 0-0: Ball
1-0: Called Strike
1-1: Called Strike
1-2: Hit by Pitch
Pinch Runner at 1st Dan Crowder:
Batting: RHB David Adams 0-0: Ball
1-0: Ball
2-0: Grounds into double play, 6-4-3 (Groundball, 6)
Batting: RHB Jared Williamson 0-0: Ball
1-0: Ball
2-0: Ground out 4-3 (Groundball, 4)
Top of the 8th over - 0 run(s), 0 hit(s), 0 error(s), 0 left on base; Pueblo 4 - Clearwater 6
BOTTOM OF THE 8TH
Clearwater Crab People batting - Pitching for Pueblo Prairie Dogs : LHP Shannon Thomas
Batting: LHB Ryan Martin 0-0: Ball
1-0: Ball
2-0: Swinging Strike
2-1: Foul Ball, location: 2F
2-2: Ball
3-2: Reached on error, E1 (Groundball, 13S)
Batting: RHB Brandon Davis 0-0: Ball
1-0: Ball
2-0: Ground out 6-3 (Groundball, 6)
Batting: RHB Bobby Burks 0-0: Foul Ball, location: 2F
0-1: Ball
1-1: Ball
2-1: Foul Ball, location: 2F
2-2: Foul Ball, location: 2F
2-2: Foul Ball, location: 2F
2-2: Foul Ball, location: 2F
2-2: Foul Ball, location: 2F
2-2: Ball
3-2: Foul Ball, location: 2F
3-2: Base on Balls
Pinch Hitting: RHB Germán Vargas 0-0: Ball
1-0: Ground out 5-3 (Groundball, 5S)
Ryan Martin to third
Bobby Burks to second
Batting: LHB Greg MacCanish 0-0: Foul Ball, location: 2F
0-1: Ball
1-1: Foul Ball, location: 2F
1-2: Ball
2-2: Ball
3-2: Foul Ball, location: 2F
3-2: SINGLE (Line Drive, 89S)
Ryan Martin scores
Bobby Burks to third
Bobby Burks scores
Pitching: RHP Ángel Morán
Batting: RHB Roberto Valdéz 0-0: Foul Ball, location: 2F
0-1: Called Strike
0-2: Fly out, F8 (Line Drive, 8LM)
Bottom of the 8th over - 2 run(s), 1 hit(s), 1 error(s), 1 left on base; Pueblo 4 - Clearwater 8
TOP OF THE 9TH
Pueblo Prairie Dogs batting - Pitching for Clearwater Crab People : RHP Shawn Moore
Pitching: LHP Walt MacKey
Now at SS: Glen Madden
Batting: RHB Ánibal Barrios 0-0: Ball
1-0: Swinging Strike
1-1: Foul Ball, location: 2F
1-2: Ball
2-2: Strikes out looking
Batting: RHB Steve Murphy 0-0: Ball
1-0: Ball
2-0: Called Strike
2-1: Foul Ball, location: 2F
2-2: Strikes out swinging
Batting: RHB John Newman 0-0: Ball
1-0: Ball
2-0: Called Strike
2-1: SINGLE (Groundball, 4S) (infield hit)
Batting: LHB Jason King 0-0: Foul Ball, location: 2F
Balk!
John Newman to second
0-1: Swinging Strike
0-2: Ball
1-2: Foul Ball, location: 2F
1-2: Foul Ball, location: 2F
1-2: Ball
2-2: Foul Ball, location: 2F
2-2: SINGLE (Flyball, 89S)
John Newman to third
Runner from 3rd tries for Home, SAFE, no throw
Batting: RHB José Zumaya 0-0: Foul Ball, location: 2F
0-1: Foul Ball, location: 2F
0-2: Strikes out swinging
Top of the 9th over - 1 run(s), 2 hit(s), 0 error(s), 1 left on base; Pueblo 5 - Clearwater 8
Tuesday, August 8th, 2017 - OOTP Baseball 17.12 Build 75